 Dungeon Crawl Stone Soup version 0.31-a0-446-g07c4bd200f (webtiles) character file.

Game seed: 13387411680232087465

391 Ethylacetat the Insei (level 6, -3/34 HPs)
             Began as a Vine Stalker Monk on Aug 3, 2023.
             Slain by Pikel
             ... wielding a +1 whip of flaming
              (4 damage)
             ... on level 4 of the Dungeon.
             The game lasted 00:04:34 (2683 turns).

Ethylacetat the Insei (Vine Stalker Monk)           Turns: 2683, Time: 00:04:35

Health: -3/34      AC:  2    Str: 14    XL:     6   Next: 80%
Magic:  0/12       EV: 13    Int: 10    God:
Gold:   187        SH:  0    Dex: 18    Spells: 12/12 levels left

rFire   . .          .
                       - Unarmed
rCold   . . .        c - orb {light}
rNeg    . . .        a - +0 robe
rPois   .            (no helmet)
rElec   .            (no cloak)
rCorr   .            (no gloves)
SInv    .            (no boots)
Will    .....        (no amulet)
Stlth   +            (no ring)
HPRegen 1.05/turn    (no ring)
MPRegen 0.13/turn

%: guardian spirit
@: mighty, on berserk cooldown, attractive, slowed, glowing, very slow
A: fangs 2, regeneration 1, magic shield, antimagic bite, no potion heal 2
a: no special abilities


You were on level 4 of the Dungeon.
You visited 1 branch of the dungeon, and saw 4 of its levels.

You collected 187 gold pieces.

Inventory:

Missiles
 h - a throwing net
Armour
 a - a +0 robe (worn)
 c - an orb of light (worn)
Jewellery
 m - a ring of protection from fire
Scrolls
 d - a scroll of immolation {unknown}
 e - a scroll of amnesia {unknown}
 g - 2 scrolls of identify {unknown}
 i - 2 scrolls of blinking {unknown}
 j - a scroll of acquirement {unknown}
 l - a scroll of teleportation {unknown}
 p - a scroll of enchant armour {unknown}
Potions
 b - 2 potions of ambrosia
 f - a potion of brilliance
 q - a potion of heal wounds {unknown}


   Skills:
 + Level 4.4 Fighting
 - Level 2.4 Dodging
 + Level 4.8 Unarmed Combat
 + Level 3.6 Spellcasting


You had 12 spell levels left.
You didn't know any spells.
Your spell library was empty.

Dungeon Overview and Level Annotations

Branches:
Dungeon (4/15)
 Temple: D:4-7

Altars:
Fedhas
Gozag
Ru
Uskayaw

Annotations:
D:4 Pikel


Innate Abilities, Weirdness & Mutations

You have extremely sharp teeth.
Your natural rate of healing is unusually fast.
When hurt, damage is shared between your health and your magic reserves.
Your bite disrupts and absorbs the magic of your enemies.
Potions cannot restore your health.


Message History

The lemure completely misses you.
You punch the lemure! You bite the lemure! You drain its power.
You feel invigorated.
The lemure is severely wounded.
The lemure barely misses you.
You punch the lemure!
You kill the lemure!
That felt strangely unrewarding.
A lemure comes into view.
The lemure shouts!
Pikel hits you with a +1 whip of flaming!
Pikel burns you.
You hit Pikel.
Pikel is lightly wounded.
You hit Pikel.
Pikel is moderately wounded.
Pikel misses you.
You hit Pikel. You bite Pikel! You drain his power.
You feel invigorated.
Pikel is severely wounded.
You are no longer berserk.
You are exhausted.
You feel yourself slow down. Pikel hits you but does no damage.
You hit Pikel.
Pikel is severely wounded.
Pikel hits you with a +1 whip of flaming.
Pikel burns you. The lemure misses you.
It was a potion of attraction.
You feel attractive to monsters. Pikel closely misses you. The lemure hits you.
It was a potion of might.
You feel very mighty all of a sudden.
Pikel hits you with a +1 whip of flaming!
* * * LOW HITPOINT WARNING * * *
Pikel burns you.
* * * LOW HITPOINT WARNING * * *
The lemure closely misses you.
Pikel hits you with a +1 whip of flaming!
* * * LOW HITPOINT WARNING * * *
Pikel burns you.
You die...

########## #########
#........#
........########........#
#?......................#
.!########..5K##...)....#
####@..........#
##...#.#########
##..###.# # ###..## #.#
...#####...## #.#####
#.......### ##.....##
###.#..### #..###..#
##...### #.......#
###...###..###..##


You could see Pikel and a lemure.

Vanquished Creatures
  Sigmund (D:2)
  3 lemures (D:4)
  2 hounds
  5 gnolls
  4 adders
  6 dart slugs
  9 bats
  6 endoplasms
  A giant cockroach (D:1)
  9 goblins
  10 hobgoblins
  4 jackals
  3 quokkas
  10 ball pythons
  A frilled lizard (D:2)
  7 kobolds
  5 rats
86 creatures vanquished.

Notes
Turn   | Place    | Note
-------+----------+-------------------------------------------
     0 | D:1      | Ethylacetat the Vine Stalker Monk began the quest for the
                  | Orb.
     0 | D:1      | Reached XP level 1. HP: 11/11 MP: 2/2
   144 | D:1      | Reached XP level 2. HP: 16/16 MP: 2/4
   243 | D:1      | Reached skill level 1 in Spellcasting
   455 | D:1      | Reached XP level 3. HP: 17/20 MP: 3/5
  1113 | D:2      | Noticed Sigmund
  1121 | D:2      | Killed Sigmund
  1122 | D:2      | Gained mutation: Your natural rate of healing is unusually
                  | fast. [Vine Stalker growth]
  1122 | D:2      | Reached XP level 4. HP: 22/25 MP: 5/9
  1122 | D:2      | Reached XP level 5. HP: 25/29 MP: 5/10
  1393 | D:2      | Reached XP level 6. HP: 33/33 MP: 9/11
  2009 | D:3      | Found a faded altar of an unknown god.
  2119 | D:3      | Found a hide-covered altar of Uskayaw.
  2121 | D:3      | Found an opulent altar of Gozag.
  2236 | D:3      | Found a faded altar of an unknown god.
  2241 | D:3      | Found a sacrificial altar of Ru.
  2426 | D:3      | Found a blossoming altar of Fedhas.
  2653 | D:4      | Noticed Pikel
  2683 | D:4      | HP: 1/34 [Pikel/+1 whip of flaming (5)]
  2683 | D:4      | Slain by Pikel

Illustrated notes

Levels and vault maps discovered:
D:1:      dpeg_arrival_solitude, layout_loops_corners, grunt_decor_junction
D:2:      minmay_thinvault, layout_loops_corners, uniq_sigmund
D:3:      layout_rooms, nicolae_overflow_ecumenical_swirl, fedhas_altar_2,
          mainiacjoe_overflow_catwalk_spiral, nicolae_ecumenical_pavilion
D:4:      layout_rooms, minmay_temple_entry_statues_pillars, minmay_bisected,
          uniq_pikel

Skill      XL: |  1  2  3  4  5 |
---------------+----------------+-----
Fighting       | 3 4 |  4.4
Spellcasting   | 1 2 3 |  3.6
Unarmed Combat | 4 |  4.8
Dodging        | |  2.4

Action                     |  1- 3 |  4- 6 || total
---------------------------+-------+-------++-------
  Melee: Unarmed           |    58 |   154 ||   212
         Bite              |    25 |    47 ||    72
    Use: Potion            |       |     5 ||     5
 Armour: Robe              |     5 |    16 ||    21
  Dodge: Dodged            |    31 |   112 ||   143

Table legend: (Time is in decaauts)
 A = Elapsed time spent in this place.
 B = Non-inter-level travel time spent in this place.
 C = Inter-level travel time spent in this place.
 D = Time resting spent in this place.
 E = Time spent auto-exploring this place.
 F = Levels seen in this place.
 G = Mean time per level.
                   A        B        C        D        E       F      G
               +--------+--------+--------+--------+--------+-----+--------+
         Total |   2640 |   2581 |     59 |      0 |   2121 |   4 |  660.0 |
       Dungeon |   2640 |   2581 |     59 |      0 |   2121 |   4 |  660.0 |
               +--------+--------+--------+--------+--------+-----+--------+

Top non-repeatable levels by time:
     D:1: 1024 daAuts
     D:2: 975 daAuts
     D:3: 494 daAuts
     D:4: 146 daAuts
